 Dungeon Crawl Stone Soup version 0.27.0-1-g7a089689b8 (webtiles) character file.

Game seed: 10388951822973764357

34643 howech the Cleaver (level 13, -8/108 HPs)
             Began as a Minotaur Gladiator on Aug 4, 2021.
             Was an Elder of Trog.
             Mangled by a very large slime creature (45 damage)
             ... on level 5 of the Lair of Beasts.
             The game lasted 00:49:26 (18816 turns).

howech the Cleaver (Minotaur Gladiator)            Turns: 18816, Time: 00:49:26

Health: -8/108     AC: 22    Str: 24    XL:     13   Next: 43%
Magic:  12/12      EV: 15    Int:  5    God:    Trog [****..]
Gold:   872        SH:  0    Dex: 21    Spells: 12/12 levels left

rFire    . . .     SeeInvis .   a - +0 quarterstaff (vorpal)
rCold    . . .     Faith    .   (shield currently unavailable)
rNeg     . . .     Spirit   .   y - +4 plate armour of Tempters {rCorr Str+3}
rPois    .         Reflect  .   c - +1 hat
rElec    .         Harm     .   L - +2 cloak
rCorr    +         Rampage  .   (no gloves)
Will     .....                  (no boots)
Stlth    ..........             (no amulet)
HPRegen  0.28/turn              D - +6 ring of dexterity
MPRegen  0.13/turn              n - +4 ring of evasion

@: no status effects
A: horns 2, retaliatory headbutt, wild magic 1
a: Renounce Religion, Berserk, Trog's Hand, Brothers in Arms


You were on level 5 of the Lair of Beasts.
You worshipped Trog.
Trog was greatly pleased with you.
You visited 3 branches of the dungeon, and saw 15 of its levels.
You also visited: Sewer.

You collected 914 gold pieces.
You spent 42 gold pieces at shops.

Inventory:

Hand Weapons
 a - a +0 vorpal quarterstaff (weapon)
 m - a +2 war axe of flaming
 H - the +9 dagger "Mayduhou" {holy, rElec}
   (You found it on level 4 of the Lair of Beasts)

   It has been blessed by the Shining One to cause great damage to the undead
   and demons.
   rElec:     It insulates you from electricity.
Missiles
 p - 65 poisoned darts
 A - 7 boomerangs (quivered)
 B - 7 curare-tipped darts
Armour
 c - a +1 hat (worn)
 o - +0 swamp dragon scales
 y - the +4 plate armour of Tempters (worn) {rCorr Str+3}
   (You found it on level 4 of the Dungeon)

   Str:       It affects your strength (+3).
   rCorr:     It protects you from acid and corrosion.
 L - a +2 cloak (worn)
Jewellery
 n - a +4 ring of evasion (right hand)
 D - a +6 ring of dexterity (left hand)
 E - a ring of flight
 F - the amulet "Goompauv" {Spirit rElec}
   (You found it on level 4 of the Lair of Beasts)

   [amulet of guardian spirit]

   It causes incoming damage to be divided between your reserves of health and
   magic.
   rElec:     It insulates you from electricity.
Wands
 v - a wand of charming (10)
 w - a wand of iceblast (4)
 z - a wand of polymorph (12)
 J - a wand of paralysis (23)
 K - a wand of flame (17)
Scrolls
 e - 11 scrolls of identify
 h - 2 scrolls of enchant armour
 k - a scroll of blinking
 l - a scroll of summoning
 s - 2 scrolls of enchant weapon
 t - 4 scrolls of teleportation
 G - a scroll of magic mapping
Potions
 b - 2 potions of degeneration {unknown}
 d - 2 potions of flight
 g - 8 potions of curing
 i - a potion of ambrosia {unknown}
 j - a potion of berserk rage
 q - a potion of invisibility
 r - 2 potions of resistance
 u - 2 potions of lignification {unknown}
 C - 2 potions of mutation
 I - a potion of might
 M - a potion of heal wounds
Miscellaneous
 f - a phial of floods
 x - a condenser vane


   Skills:
 + Level 8.4 Fighting
 * Level 14.3 Axes
 - Level 14.0 Staves
 + Level 7.5 Throwing
 + Level 8.4 Armour
 + Level 8.0 Dodging
 + Level 7.3 Evocations


You had 12 spell levels left.
You didn't know any spells.
Your spell library contained the following spells:

 Spells                   Type           Power      Damage    Failure   Level
 Blink                    Tloc           N/A        N/A       100%        2
 Sublimation of Blood     Necr           0%         N/A       100%        2
 Lesser Beckoning         Tloc           0%         N/A       100%        3
 Stone Arrow              Conj/Erth      0%         3d7       100%        3
 Airstrike                Air            0%         N/A       100%        4
 Petrify                  Tmut/Erth      0%         N/A       100%        4
 Summon Lightning Spire   Summ/Air       0%         N/A       100%        4
 Bolt of Magma            Conj/Fire/Erth 0%         4d4       100%        5
 Irradiate                Conj/Tmut      0%         3d14      100%        5
 Lightning Bolt           Conj/Air       0%         1d11      100%        5
 Manifold Assault         Tloc           0%         N/A       100%        5
 Conjure Ball Lightning   Conj/Air       0%         3x3d6     100%        6
 Discord                  Hex            0%         N/A       100%        8
 Disjunction              Tloc           0%         N/A       100%        8
 Shatter                  Erth           0%         3d5*      100%        9


Dungeon Overview and Level Annotations

Branches:
Dungeon (9/15)             Temple (1/1) D:6            Lair (5/6) D:9
 Shoals (0/4) Lair:3       Spider (0/4) Lair:4        Sewer (visited)
  Slime: Lair:5-6       Orc: D:9-12

Altars:
Ashenzari
Dithmenos
Elyvilon
Fedhas
Gozag
Hepliaklqana
Kikubaaqudgha
Makhleb
Nemelex Xobeh
Okawaru
Qazlal
Ru
Sif Muna
Trog
Uskayaw
Vehumet
Wu Jian
Xom
Yredelemnul
Zin
The Shining One

Shops:
D:5 !!   D:7 :

Annotations:
D:3 1 runed translucent door, nicksoapdish's ghost, amateur OpEE
D:6 1 runed translucent door, 0gre's ghost, novice GnIE


Innate Abilities, Weirdness & Mutations

You have a pair of horns on your head.
You reflexively headbutt those who attack you in melee.
Your spells are a little harder to cast, but a little more powerful.


Message History

A slime creature comes into view.
You sock the polar bear!
You kill the polar bear!
Trog accepts your kill.
A slime creature comes into view.
There are no items here.
Throw: 7 boomerangs
Press: ? - help, Q - select action, (/) - cycle Shift-Dir - straight line, f - slime creature
Aim: a slime creature (wandering, hasn't noticed you, 85% to hit)
You throw a boomerang. The slime creature quivers.
The boomerang hits the slime creature.
The slime creature is lightly wounded.
A slime creature comes into view.
You sock the slime creature! You headbutt the slime creature.
The slime creature is moderately wounded.
Two slime creatures merge to form a large slime creature.
You hit the large slime creature. You headbutt the large slime creature!
The large slime creature is moderately wounded.
A jelly comes into view.
You sock the large slime creature! You headbutt the large slime creature!
The large slime creature is heavily wounded.
Two slime creatures merge to form a very large slime creature.
Your plate armour of Tempters prevents you from hitting the very large slime creature.
You headbutt the very large slime creature.
The very large slime creature is moderately wounded.
You sock the very large slime creature!
You headbutt the very large slime creature!
The very large slime creature is heavily wounded.
You hit the very large slime creature but do no damage.
You headbutt the very large slime creature.
The very large slime creature is heavily wounded.
You hit the very large slime creature.
Your headbutt misses the very large slime creature.
The very large slime creature is heavily wounded.
You sock the very large slime creature!
You headbutt the very large slime creature!
The very large slime creature is severely wounded.
The very large slime creature hits you!!!
You die...

... ##..#
##....###
#P......#####
###..P....P.#.#
#............###
#P...##P.......###
#.......#J......P#
##....@#.......#
#....<###P.h..#..
#......###P......
#.......# #.#....
###....## ##^.<.
####.# .. ##


You could see a very large slime creature.

Vanquished Creatures
  A stone giant (D:9)
  A hydra (Lair:4)
  2 boulder beetles (D:9)
  3 centaur warriors
  4 two-headed ogres
  4 death yaks (Lair:5)
  A deep troll (D:9)
  A deep elf pyromancer (D:9)
  An ugly thing (D:9)
  A manticore (D:9)
  A merfolk siren (Lair:3)
  Maurice (D:8)
  Joseph (D:8)
  A black mamba (Lair:3)
  12 cane toads
  11 komodo dragons
  An unseen horror (D:8)
  Maggie (D:9)
  A troll (D:9)
  A hornet (D:9)
  7 blink frogs
  2 polar bears
  3 shadows (D:9)
  A wraith (D:9)
  5 wyverns
  38 yaks
  A basilisk (Lair:3)
  Eustachio (D:7)
  A steam dragon (D:6)
  Edmund (D:6)
  3 water moccasins
  9 orc warriors
  An ice beast (D:6)
  5 wolves (Lair:3)
  3 necrophages
  3 centaurs (D:9)
  Blork the orc (D:5)
  A phantom (D:4)
  4 kobold brigands
  3 gnoll sergeants
  2 scorpions
  17 bullfrogs
  10 killer bees
  5 wights
  A howler monkey (D:9)
  3 centaur zombies (D:9)
  A bullfrog zombie (D:6)
  3 jellies
  An orc priest (D:9)
  A gnoll shaman (D:9)
  A centaur skeleton (D:6)
  4 hounds
  4 iguanas
  Ijyb (D:4)
  6 orc wizards
  2 hound skeletons
  5 howler monkey zombies
  10 adders
  4 gnolls (D:9)
  2 howler monkey skeletons
  2 ufetubi
  An adder skeleton (D:4)
  2 worms
  A dart slug (D:5)
  15 orcs
  12 ball pythons
  5 endoplasms
  2 giant cockroaches
  5 goblins
  9 hobgoblins
  4 jackals
  34 kobolds
  A quokka (D:4)
  9 bats
  4 frilled lizards
  9 rats
341 creatures vanquished.

Vanquished Creatures (others)
  14 fungi
  11 plants
25 creatures vanquished.

Grand Total: 366 creatures vanquished

Notes
Turn   | Place    | Note
-------+----------+-------------------------------------------
     0 | D:1      | howech the Minotaur Gladiator began the quest for the Orb.
     0 | D:1      | Reached XP level 1. HP: 18/18 MP: 0/0
   190 | D:1      | Reached XP level 2. HP: 25/25 MP: 1/1
  1010 | D:1      | Reached XP level 3. HP: 30/30 MP: 2/2
  1338 | D:2      | Reached skill level 1 in Armour
  1567 | D:2      | Reached skill level 1 in Axes
  1726 | D:2      | Found a faded altar of an unknown god.
  1827 | D:2      | Reached XP level 4. HP: 37/37 MP: 3/3
  2075 | D:3      | Found an ancient bone altar of Kikubaaqudgha.
  2096 | D:3      | Found a blossoming altar of Fedhas.
  2125 | D:3      | Found a glowing drain.
  2134 | Sewer    | Entered a sewer
  2428 | Sewer    | Noticed a kobold brigand
  2433 | Sewer    | Reached skill level 1 in Evocations
  2443 | Sewer    | Killed a kobold brigand
  2444 | Sewer    | Reached skill level 5 in Staves
  2444 | Sewer    | Reached XP level 5. HP: 26/45 MP: 4/4
  2881 | D:3      | Found a shadowy altar of Dithmenos.
  3040 | D:3      | Found a shimmering blue altar of Sif Muna.
  3246 | D:3      | Found a runed translucent door.
  3254 | D:3      | Noticed nicksoapdish's ghost (amateur OpEE)
  3498 | D:4      | Reached XP level 6. HP: 31/51 MP: 5/5
  3687 | D:4      | Found a bloodstained altar of Trog.
  3691 | D:4      | Became a worshipper of Trog the Wrathful
  3834 | D:4      | Noticed Ijyb
  3839 | D:4      | Killed Ijyb
  3851 | D:4      | Reached XP level 7. HP: 58/58 MP: 6/6
  4273 | D:4      | Identified the +4 plate armour of Tempters {rCorr Str+3}
  4343 | D:4      | Found a white marble altar of Elyvilon.
  4664 | D:5      | Entered Level 5 of the Dungeon
  4664 | D:5      | Found Maesalecs's Distillery.
  4667 | D:5      | Bought a potion of curing for 42 gold pieces
  4695 | D:5      | Found an ornate altar of the Wu Jian Council.
  4777 | D:5      | Found Aducs's Distillery.
  4988 | D:5      | Found a sparkling altar of Nemelex Xobeh.
  4993 | D:5      | Found a broken altar of Ashenzari.
  4998 | D:5      | Noticed Blork the orc
  5009 | D:5      | Killed Blork the orc
  5237 | D:6      | Found a staircase to the Ecumenical Temple.
  5262 | Temple   | Entered the Ecumenical Temple
  5448 | D:6      | Noticed 0gre's ghost (novice GnIE)
  5450 | D:6      | Found a runed translucent door.
  5623 | D:6      | Reached XP level 8. HP: 66/67 MP: 7/7
  5646 | D:6      | Reached * piety under Trog
  5658 | D:6      | Reached skill level 5 in Dodging
  6046 | D:6      | Noticed Edmund
  6051 | D:6      | Killed Edmund
  6054 | D:6      | Found a hazy altar of Hepliaklqana.
  6110 | D:6      | Reached skill level 5 in Fighting
  6544 | D:7      | Noticed Eustachio
  6564 | D:7      | Killed Eustachio
  6565 | D:7      | Reached XP level 9. HP: 33/74 MP: 8/8
  6768 | D:7      | Found a burning altar of Makhleb.
  6845 | D:7      | Found Buusyegh's Book Shop.
  6850 | D:7      | Reached skill level 5 in Axes
  6932 | D:7      | Reached skill level 5 in Armour
  6969 | D:7      | Noticed a komodo dragon
  6977 | D:7      | Killed a komodo dragon
  6978 | D:7      | Reached skill level 5 in Throwing
  7088 | D:7      | Found a glowing silver altar of Zin.
  7342 | D:8      | Killed an unseen horror
  7372 | D:8      | Noticed a two-headed ogre
  7461 | D:8      | Reached ** piety under Trog
  7525 | D:8      | Killed a two-headed ogre
  7526 | D:8      | Reached skill level 10 in Staves
  7526 | D:8      | Reached skill level 5 in Evocations
  7794 | D:8      | Reached XP level 10. HP: 78/81 MP: 9/9
  7874 | D:8      | Noticed Maurice
  8098 | D:8      | Killed Maurice
  8135 | D:8      | Noticed Joseph
  8147 | D:8      | Killed Joseph
  8286 | D:8      | Gained mutation: Your spells are a little harder to cast,
                  | but a little more powerful. [potion of mutation]
  8675 | D:9      | Found a staircase to the Lair.
  8700 | D:9      | Noticed Maggie
  8715 | D:9      | Noticed a two-headed ogre
  8719 | D:9      | Killed Maggie
  8727 | D:9      | Killed a two-headed ogre
  8998 | D:9      | Noticed a two-headed ogre
  9013 | D:9      | Killed a two-headed ogre
  9347 | D:9      | Noticed a centaur warrior
  9358 | D:9      | Killed a centaur warrior
  9359 | D:9      | Reached XP level 11. HP: 69/86 MP: 10/10
  9361 | D:9      | Noticed a deep troll
  9387 | D:9      | Killed a deep troll
  9574 | D:9      | Reached skill level 10 in Axes
  9684 | D:9      | Reached *** piety under Trog
  9757 | D:9      | Noticed a stone giant
  9788 | D:9      | HP: 4/86 [stone giant (29)]
  9796 | D:9      | HP: 2/86 [stone giant/large rock (35)]
 10294 | D:9      | Noticed a two-headed ogre
 10318 | D:9      | Killed a stone giant
 10489 | D:9      | Killed a two-headed ogre
 11160 | D:9      | Noticed a boulder beetle
 11177 | D:9      | Killed a boulder beetle
 11388 | D:9      | Noticed a green ugly thing
 11399 | D:9      | Killed a green ugly thing
 11400 | D:9      | Noticed a boulder beetle
 11655 | D:9      | Noticed a centaur warrior
 11696 | D:8      | Killed a centaur warrior
 12140 | D:9      | Noticed a centaur warrior
 12154 | D:9      | Killed a centaur warrior
 12170 | D:9      | Noticed a deep elf pyromancer
 12230 | D:9      | Killed a deep elf pyromancer
 12231 | D:9      | Reached XP level 12. HP: 73/96 MP: 11/11
 12674 | Lair:1   | Entered Level 1 of the Lair of Beasts
 13053 | D:9      | Killed a boulder beetle
 15996 | Lair:3   | Reached **** piety under Trog
 16101 | Lair:3   | Reached XP level 13. HP: 97/107 MP: 12/12
 16725 | Lair:3   | Found a staircase to the Shoals.
 17265 | Lair:4   | Identified the amulet "Goompauv" {Spirit rElec}
 17337 | Lair:4   | Found a hole to the Spider Nest.
 17349 | Lair:4   | Identified the +9 dagger "Mayduhou" {holy, rElec}
 18816 | Lair:5   | Mangled by a very large slime creature

Illustrated notes

Levels and vault maps discovered:
D:1:      saegor_arrival_simple_e, layout_loops_corners
D:2:      layout_basic, shapermc_ecumenical_altar_mp_vishouse
D:3:      layout_basic, led_sif_book, fedhas_altar_3,
          mainiacjoe_overflow_cross_hatched,
          nicolae_kikubaaqudgha_miasma_corner, portal_sewer_entry_d,
          ebering_ghost_inner_flame, minivault_11
D:4:      cheibrodos_quashed, layout_basic, mainiacjoe_overflow_24_doors,
          mainiacjoe_overflow_boulevard, uniq_ijyb
D:5:      layout_rooms, nemelex_xobeh_ov_fountains_minmay,
          mainiacjoe_overflow_brackets, mainiacjoe_overflow_chevrons,
          serial_shops, nicolae_diamond_shop, amcnicky_mini_corridor_feature,
          nicolae_stop_n_shop_1, uniq_blork_the_orc
D:6:      layout_basic, overflow_temple_1_default, minmay_temple_entry_slanted,
          hellmonk_ghost_happy_afterlife, uniq_edmund
D:7:      layout_basic, lemuel_doored_altar, bloody_makhleb, serial_shops, shop,
          sword_in_stone
D:8:      minmay_spotlight, layout_rooms, abandoned_shop, uniq_maurice,
          uniq_joseph
D:9:      nzn_winding_woodlands_medium [nzn_winding_woodlands_5x5_three,
          nzn_winding_woodlands_5x15_sawtooth,
          nzn_winding_woodlands_5x5_default, nzn_winding_woodlands_5x5_cross,
          nzn_winding_woodlands_center_pierced_h,
          nzn_winding_woodlands_5x5_default,
          nzn_winding_woodlands_5x5_checkerboard,
          nzn_winding_woodlands_5x15_jagged, nzn_winding_woodlands_hourglass],
          layout_gridville, hangedman_abyss_or_decor_stagger, minmay_evil_grid,
          uniq_maggie
Temple:   dpeg_three_leaves_temple
Lair:1:   beast_lair_carwin_large_2, layout_hall_layers,
          chequers_serial_rivers_micro_e, grunt_forest_small_clearing_treed,
          infiniplex_staircase_pool
Lair:2:   layout_loops_ring
Lair:3:   layout_gridlike, minmay_shoals_entry_lonely_mermaid
Lair:4:   layout_cave_pods, dummy_spider_entry, serial_bayou_shore_b
Lair:5:   layout_cave_pods, minmay_slime_entry_pillars

Skill      XL: |  1  2  3  4  5  6  7  8  9 10 11 12 13 |
---------------+----------------------------------------+-----
Staves         | 4 5 6 8 10 13 14 | 14.0
Armour         | 1 2 3 4 5 6 7 8 |  8.4
Axes           | 1 2 3 4 6 9 12 13 14 | 14.3
Evocations     | 1 2 3 5 6 7 |  7.3
Fighting       | 3 4 5 6 7 8 |  8.4
Dodging        | 4 5 7 8 |  8.0
Throwing       | 3 4 5 7 |  7.5

Action                   |  1- 3 |  4- 6 |  7- 9 | 10-12 | 13-15 || total
-------------------------+-------+-------+-------+-------+-------++-------
Melee: Quarterstaff      |    75 |   108 |   255 |   633 |   170 ||  1241
       Headbutt          |    11 |    23 |    73 |   246 |    63 ||   416
Throw: Throwing net      |       |       |     6 |     7 |       ||    13
       Boomerang         |       |       |       |    36 |    19 ||    55
Invok: Berserk           |       |       |     2 |     2 |       ||     4
       Trog's Hand       |       |       |     1 |     9 |       ||    10
Evoke: Wand              |       |       |       |       |     1 ||     1
  Use: Scroll            |       |     4 |       |    11 |     1 ||    16
       Potion            |       |     5 |     3 |     5 |       ||    13
 Stab: Held in net/web   |       |       |       |     3 |       ||     3
       Paralysed         |       |       |       |       |     5 ||     5
Armor: Leather armour    |    18 |       |       |       |       ||    18
       Chain mail        |     5 |    66 |     8 |       |       ||    79
       Plate armour      |       |       |   121 |   227 |    44 ||   392
Dodge: Dodged            |    52 |    50 |   104 |   291 |    63 ||   560
